 Dungeon Crawl Stone Soup version 0.20.0-15-g7f486f2 (webtiles) character file.

29 Chiseanne the Skirmisher (level 3, 24/28 HPs)
             Began as a Demonspawn Wanderer on June 22, 2017.
             Quit the game on level 2 of the Dungeon.
             The game lasted 00:02:04 (1030 turns).

Chiseanne the Skirmisher (Demonspawn Wanderer)      Turns: 1030, Time: 00:02:05

Health: 24/28      AC:  5    Str: 12    XL:     3   Next: 1%
Magic:  3/3        EV: 11    Int: 13    God:
Gold:   44         SH:  0    Dex: 13    Spells: 2/2 levels left

rFire    . . .     SeeInvis .   a - +3 quarterstaff
rCold    . . .     Gourm    .   (shield currently unavailable)
rNeg     . . .     Faith    .   l - +0 leather armour
rPois    .         Spirit   .   (helmet restricted)
rElec    .         Reflect  .   (no cloak)
rCorr    .         Harm     .   (no gloves)
MR       .....                  (no boots)
Stlth    +.........             (no amulet)
Regen    0.1/turn               (no ring)
MPRegen  0.1/turn               (no ring)

@: mildly poisoned (24 -> 18)
A: antennae 1, iridescent scales 1
a: no special abilities


You were on level 2 of the Dungeon.
You were not hungry.

You visited 1 branch of the dungeon, and saw 2 of its levels.

You collected 44 gold pieces.

Inventory:

Hand Weapons
 a - a +3 quarterstaff (weapon)
Missiles
 c - 29 arrows
 e - 15 sling bullets
 m - 48 stones (quivered)
Armour
 l - a +0 leather armour (worn)
Jewellery
 k - an uncursed ring of ice
Scrolls
 d - a scroll of teleportation
 i - a scroll of amnesia
 j - a scroll of fog
Potions
 h - 2 potions of curing {unknown}
 n - 2 potions of degeneration {unknown}
 o - a potion of heal wounds {unknown}
Comestibles
 f - a bread ration
 g - 2 fruits


   Skills:
 * Level 2.7 Fighting
 - Level 1.7 Staves
   Level 2.6 Bows
 - Level 1.0 Throwing
 * Level 1.0 Armour
 * Level 1.6 Dodging
   Level 1.0 Shields


You had 2 spell levels left.
You didn't know any spells.

Dungeon Overview and Level Annotations

Branches:
Dungeon (2/15)

Altars:
Nemelex Xobeh


Innate Abilities, Weirdness & Mutations

You have a pair of small antennae on your head.
You are partially covered in iridescent scales. (AC +2)


Message History

The adder hisses angrily.
Found 16 stones.
You thump the kobold!
You kill the kobold!
Things that are here:
a club; a stone The adder bites you.
You closely miss the adder. The adder bites you.
You are poisoned.
The adder poisons you! The adder closely misses you.
You sock the adder!
You kill the adder!
Your Armour skill increases to level 1!
You have reached level 3!
Your experience leads to an increase in your attributes!
Increase (S)trength, (I)ntelligence, or (D)exterity?
You feel agile.
Your demonic ancestry asserts itself...
A pair of antennae grows on your head!
You feel sick.
Are you sure you want to abandon this character and quit the game? (Confirm with "yes".)

.(..# #..## ..... #...##
..#.##.#..####
............
#........##..
#..........# #...#...#
#..)@..# ####.#.......#
#.)..####...... ##.####
#..... #<.# ##...
########.#### ..
##.....#.....## .
#.............##
............†..######...


There were no monsters in sight!

Vanquished Creatures
  An adder (D:2)
  A ball python (D:1)
  2 giant cockroaches (D:1)
  3 goblins
  A hobgoblin (D:2)
  3 jackals (D:1)
  3 bats (D:1)
  A frilled lizard (D:1)
  2 kobolds
  4 rats (D:1)
21 creatures vanquished.

Notes
Turn   | Place    | Note
-------+----------+-------------------------------------------
     0 | D:1      | Chiseanne the Demonspawn Wanderer began the quest for the Orb.
     0 | D:1      | Chiseanne set off with: a +2 quarterstaff, a +0 shortbow, 29 arrows, a scroll of teleportation, a +0 robe, a bread ration
     0 | D:1      | Reached XP level 1. HP: 16/16 MP: 1/1
   279 | D:1      | Found a sparkling altar of Nemelex Xobeh.
   328 | D:1      | Gained mutation: You are partially covered in iridescent scales. (AC +2) [demonic ancestry]
   328 | D:1      | Reached XP level 2. HP: 23/23 MP: 2/2
  1029 | D:2      | Reached skill level 1 in Armour
  1029 | D:2      | Gained mutation: You have a pair of small antennae on your head. [demonic ancestry]
  1029 | D:2      | Reached XP level 3. HP: 25/28 MP: 3/3
  1030 | D:2      | Quit the game

Skill      XL: |  1  2 |
---------------+-------+-----
Armour         | 1 |  1.0
Fighting       | |  2.7
Staves         | |  1.7
Bows           | |  2.6
Throwing       | |  1.0
Dodging        | |  1.6
Shields        | |  1.0

Action                   || total
-------------------------++-------
Melee: Quarterstaff      ||    45
  Use: Scroll            ||     8
 Stab: Sleeping          ||     1
Armor: Leather armour    ||    15
       Robe              ||     4
Dodge: Dodged            ||    23
